 Dungeon Crawl Stone Soup version 0.29.1-15-g9cfb28693d (webtiles) character file.

Game seed: 14405291100422935711

1148 GigaChad the Chopper (level 8, -7/70 HPs)
             Began as a Minotaur Fighter on Mar 13, 2023.
             Was an Initiate of Gozag.
             Mangled by a two-headed ogre
             ... wielding a +0 giant club
              (29 damage)
             ... on level 6 of the Dungeon on Mar 14, 2023.
             The game lasted 00:06:13 (5315 turns).

GigaChad the Chopper (Minotaur Fighter)             Turns: 5315, Time: 00:06:13

Health: -7/70      AC: 15    Str: 24    XL:     8   Next: 15%
Magic:  7/7        EV:  7    Int:  5    God:    Gozag
Gold:   180        SH:  4    Dex:  9    Spells: 7/7 levels left

rFire   . . .      SeeInvis .   a - +0 war axe
rCold   . . .      Faith    .   c - +0 buckler
rNeg    . . .      Spirit   .   v - +1 plate armour
rPois   +          Reflect  .   (helmet restricted)
rElec   .          Harm     .   n - +0 cloak {rPois}
rCorr   .          Rampage  .   (no gloves)
Will    .....                   (no boots)
Stlth   ..........              (no amulet)
HPRegen 0.21/turn               (no ring)
MPRegen 0.10/turn               (no ring)

@: no status effects
A: horns 2, retaliatory headbutt
a: Renounce Religion, Potion Petition, Call Merchant, Bribe Branch


You were on level 6 of the Dungeon.
You worshipped Gozag.
Gozag was aware of your devotion.
You visited 2 branches of the dungeon, and saw 7 of its levels.

You collected 238 gold pieces.
You paid 58 gold pieces to Gozag.

Inventory:

Hand Weapons
 a - a +0 war axe (weapon)
 r - a +3 quarterstaff of chaos
Armour
 b - a +0 scale mail
 c - a +0 buckler (worn)
 n - a +0 cloak of poison resistance (worn)
 o - a +0 cloak
 v - a +1 plate armour (worn)
Wands
 j - a wand of flame (18)
 t - a wand of acid (8)
Scrolls
 k - a scroll of fear
 s - a scroll of immolation
 w - a scroll of amnesia {unknown}
 x - a scroll of silence {unknown}
 y - a scroll of blinking
 z - a scroll of enchant weapon {unknown}
 A - a scroll of enchant armour
Potions
 d - 3 potions of might
 e - 2 potions of attraction {unknown}
 f - 3 potions of cancellation {unknown}
 g - 5 potions of curing
 h - 2 potions of lignification {unknown}
 i - 3 potions of invisibility {unknown}
 l - a potion of heal wounds {unknown}
 m - 2 potions of brilliance {unknown}
 p - 3 potions of flight {unknown}
 q - a potion of magic {unknown}
 u - 2 potions of mutation {unknown}
 B - a potion of resistance {unknown}


   Skills:
 + Level 6.1 Fighting
 + Level 7.9 Axes
 + Level 6.2 Armour
 + Level 2.8 Dodging
 + Level 5.3 Shields


You had 7 spell levels left.
You didn't know any spells.
Your spell library contained the following spells:

 Spells                   Type           Power      Damage    Failure   Level
 Magic Dart               Conj           0%         1d3       100%        1
 Necrotise                Necr           0%         1d4       100%        1
 Searing Ray              Conj           0%         2d4       100%        2
 Vampiric Draining        Necr           0%         2d6       100%        3
 Fulminant Prism          Conj/Hex       0%         3d6       100%        4
 Agony                    Necr           0%         N/A       100%        5


Dungeon Overview and Level Annotations

Branches:
Dungeon (6/15)             Temple (1/1) D:5

Altars:
Elyvilon
Fedhas
Gozag
Hepliaklqana
Kikubaaqudgha
Makhleb
Okawaru
Qazlal
Sif Muna
Trog
Uskayaw
Vehumet
Wu Jian


Innate Abilities, Weirdness & Mutations

You have a pair of horns on your head.
You reflexively headbutt those who attack you in melee.


Message History

The bullfrog hits you but does no damage.
You block the bullfrog's attack.
You barely miss the bullfrog. Your headbutt misses the bullfrog.
The bullfrog is severely wounded.
The bullfrog barely misses you.
You slash the bullfrog!
You kill the bullfrog!
No target in view!
You now have 180 gold pieces (gained 8).
Found a stone staircase leading down.
A two-headed ogre comes into view.
It is wielding a +0 giant club and a +0 giant spiked club.
The two-headed ogre shouts in stereo!
A two-headed ogre is nearby!
A two-headed ogre is nearby!
The two-headed ogre hits you with a +0 giant club.
The two-headed ogre hits you with a +0 giant spiked club.
You hit the two-headed ogre but do no damage.
You headbutt the two-headed ogre, but do no damage.
The two-headed ogre barely misses you.
The two-headed ogre hits you with a +0 giant spiked club!
You closely miss the two-headed ogre. You headbutt the two-headed ogre.
The two-headed ogre is lightly wounded.
You slash the two-headed ogre!
The two-headed ogre is moderately wounded.
The two-headed ogre closely misses you. You furiously retaliate!
You headbutt the two-headed ogre!
The two-headed ogre hits you with a +0 giant spiked club!
You hit the two-headed ogre but do no damage.
The two-headed ogre is heavily wounded.
The two-headed ogre hits you with a +0 giant club!!
The two-headed ogre completely misses you.
You are too injured to fight recklessly!
You are too injured to fight recklessly!
You are too injured to fight recklessly!
You are too injured to fight recklessly!
You slash the two-headed ogre!
The two-headed ogre is severely wounded.
The two-headed ogre hits you with a +0 giant club!!
You die...
Your body crumbles into a pile of gold.

###.#######
#..##
###.##
#...#
.....#
####.###
.....#
#......#
#.+###
#.##.#.#
#.#
#.##.#.#
#.#
#.##.#.#
#.#
#.##>#.#
..#
#@##.#.#
#.#
#O.....#
#.#
.........
..#
.##...###.
#.+## #.
...# .... #
..#. ...##
..#.# #..#
#.. . #..#


You could see a two-headed ogre.

Vanquished Creatures
  Eustachio (D:4)
  A water moccasin (D:5)
  2 ogres
  A bullfrog (D:6)
  Blork the orc (D:4)
  A necrophage (D:4)
  2 scorpions (D:5)
  2 jellies
  A hound (D:4)
  An orc priest (D:3)
  Crazy Yiuf (D:4)
  5 iguanas
  An orc wizard (D:3)
  5 adders
  A white imp (D:5)
  4 dart slugs
  9 orcs
  8 ball pythons
  2 bats
  8 endoplasms
  2 giant cockroaches
  5 hobgoblins
  5 jackals (D:4)
  2 quokkas (D:2)
  2 frilled lizards
  10 goblins
  7 kobolds
  7 rats
97 creatures vanquished.

Vanquished Creatures (others)
  2 fungi (D:5)
2 creatures vanquished.

Grand Total: 99 creatures vanquished

Notes
Turn   | Place    | Note
-------+----------+-------------------------------------------
     0 | D:1      | GigaChad the Minotaur Fighter began the quest for the Orb.
     0 | D:1      | Reached XP level 1. HP: 19/19 MP: 0/0
   129 | D:1      | Found a faded altar of an unknown god.
   318 | D:1      | Reached XP level 2. HP: 27/27 MP: 1/1
   823 | D:2      | Reached XP level 3. HP: 33/33 MP: 2/2
  1020 | D:2      | Reached skill level 3 in Axes
  1339 | D:3      | Reached XP level 4. HP: 33/40 MP: 3/3
  1361 | D:3      | Reached skill level 1 in Dodging
  1377 | D:3      | Reached skill level 4 in Axes
  1583 | D:3      | Found a blossoming altar of Fedhas.
  1834 | D:3      | Reached XP level 5. HP: 47/47 MP: 4/4
  1906 | D:3      | Found a stormy altar of Qazlal.
  1968 | D:4      | Found a white marble altar of Elyvilon.
  2176 | D:4      | Noticed Eustachio
  2207 | D:4      | Killed Eustachio
  2208 | D:4      | Reached skill level 5 in Axes
  2208 | D:4      | Reached skill level 5 in Armour
  2208 | D:4      | Reached XP level 6. HP: 7/55 MP: 5/5
  2647 | D:4      | Noticed Blork the orc
  2657 | D:4      | Killed Blork the orc
  2658 | D:4      | Reached skill level 5 in Fighting
  2964 | D:4      | Found a runed translucent door.
  2965 | D:4      | Noticed Crazy Yiuf
  3074 | D:4      | Killed Crazy Yiuf
  3075 | D:4      | Reached skill level 6 in Axes
  3325 | D:4      | Reached XP level 7. HP: 43/61 MP: 6/6
  3619 | D:5      | Entered Level 5 of the Dungeon
  3924 | D:5      | Reached skill level 7 in Axes
  3930 | D:5      | Reached skill level 5 in Shields
  4377 | D:5      | Found an ancient bone altar of Kikubaaqudgha.
  4663 | D:5      | Found a staircase to the Ecumenical Temple.
  4695 | Temple   | Entered the Ecumenical Temple
  4714 | Temple   | Became a worshipper of Gozag Ym Sagoz the Greedy
  4850 | D:5      | Reached XP level 8. HP: 42/70 MP: 7/7
  5308 | D:6      | Noticed a two-headed ogre
  5315 | D:6      | Mangled by a two-headed ogre

Illustrated notes

Levels and vault maps discovered:
D:1:      elethiomel_arrival_diamonds, layout_loops_ring,
          basic_ecumenical_altar, minmay_shallow_snake_nest
D:2:      layout_basic, kennysheep_doodads, kennysheep_generic_room_6
D:3:      layout_rooms, grunt_temple_overflow_forces_of_nature, corexii_shack,
          st_stairs_10
D:4:      minmay_chambers_of_fours, layout_basic,
          mainiacjoe_overflow_six_doors_small, hangedman_decor_lopped,
          grunt_ministairs_4, grunt_decor_fettered, uniq_eustachio,
          uniq_crazy_yiuf_cottage, uniq_blork_the_orc
D:5:      layout_basic, lemuel_crystal_altar, temple_pool_b,
          dreamdust_mushroom_princess
D:6:      layout_loops_cross, nicolae_ru_great_annihilating_truth
Temple:   compressed_dpeg_triangle_lava_temple

Skill      XL: |  1  2  3  4  5  6  7 |
---------------+----------------------+-----
Shields        | 4 5 |  5.3
Fighting       | 4 5 6 |  6.1
Axes           | 3 4 5 6 7 |  7.9
Armour         | 4 5 6 |  6.2
Dodging        | 1 2 |  2.8

Action                   |  1- 3 |  4- 6 |  7- 9 || total
-------------------------+-------+-------+-------++-------
Melee: War axe           |    63 |   119 |    92 ||   274
       Headbutt          |     9 |    13 |    15 ||    37
  Use: Scroll            |       |     5 |       ||     5
Armor: Scale mail        |    32 |    56 |       ||    88
       Plate armour      |       |    19 |    56 ||    75
Dodge: Dodged            |    17 |    69 |    33 ||   119
Block: Buckler           |    13 |    29 |    12 ||    54
